 Dungeon Sprint DCSS version 0.30-a0-1102-g2dbb833546 (webtiles) character file.

Game seed: 5378563785674785833

798 Conn the Arsonist (level 7, -7/45 HPs)
             Began as an Octopode Fire Elementalist on Apr 18, 2023.
             Was an Initiate of Sif Muna.
             Mangled by a hornet (9 damage)
             ... in the Dungeon (Sprint II: "The Violet Keep of Menkaure").
             The game lasted 00:08:09 (439 turns).

Conn the Arsonist (Octopode Fire Elementalist)       Turns: 439, Time: 00:08:12

Health: -7/45      AC:  1    Str:  7    XL:     7   Next: 90%
Magic:  5/19       EV: 15    Int: 19    God:    Sif Muna [......]
Gold:   186        SH:  5    Dex: 13    Spells: 13/23 levels left

rFire   . . .      SeeInvis .    (no weapon)
rCold   . . .      Faith    .    (no shield)
rNeg    . . .      Spirit   .    (helmet restricted)
rPois   .          Reflect  +    c - amulet of reflection
rElec   .          Rampage  .    (no ring)
rCorr   .          NoTele   +    (no ring)
Will    .....                    (no ring)
Stlth   ++++                     (no ring)
HPRegen 0.27/turn                (no ring)
MPRegen 0.16/turn                (no ring)
                                 (no ring)
                                 (no ring)

@: lethally poisoned (-7 -> -12), slowed, very slow
A: almost no armour, amphibious, 8 rings, camouflage 1, gelatinous body 1,
(nimble swimmer 1), tentacles
a: Renounce Religion


You were in the Dungeon.
You worshipped Sif Muna.
Sif Muna was noncommittal.
You visited 1 branch You collected 486 gold pieces.
You spent 300 gold pieces at shops.

Inventory:

Jewellery
 c - an amulet of reflection (around mantle)
Potions
 a - 3 potions of magic


   Skills:
 + Level 2.0 Fighting
 + Level 5.6 Dodging
 + Level 6.3 Stealth
 - Level 0.5 Unarmed Combat
 * Level 8.6 Spellcasting
 * Level 6.1 Conjurations
 + Level 11.1 Fire Magic


You had 13 spell levels left.
You knew the following spells:

 Your Spells              Type           Power      Damage    Failure   Level
a - Foxfire               Conj/Fire      100%       2x1d9     1%          1
b - Scorch                Fire           100%       2d9       1%          2
c - Inner Flame           Hex/Fire       29%        N/A       2%          3
d - Flame Wave            Conj/Fire      40%        2d11      2%          4

Your spell library contained the following spells:

 Spells                   Type           Power      Damage    Failure   Level
 Volatile Blastmotes      Fire/Tloc      58%        2d14      2%          3


Dungeon Overview and Level Annotations

Branches:
Dungeon (1/1)

Altars:
Cheibriados
Dithmenos
Elyvilon
Fedhas
Gozag
Hepliaklqana
Kikubaaqudgha
Makhleb
Nemelex Xobeh
Okawaru
Qazlal
Ru
Sif Muna
Trog
Uskayaw
Vehumet
Wu Jian
Xom
Yredelemnul
Zin
The Shining One
Jiyva
Lugonu

Shops:
D :[*(*=:!=!?([*[

Annotations:
D exclusion: oklob plant, Roxanne


Innate Abilities, Weirdness & Mutations

You cannot wear most types of armour.
You are amphibious.
You can wear up to eight rings at the same time.
Your skin changes colour to match your surroundings (Stealth+).
Your rubbery body absorbs attacks. (AC +1, EV +1)
((You are camouflaged when in or above water. (Stealth+)))
You have tentacles for arms and can constrict up to eight enemies at once.


Message History

The polar bear is heavily wounded.
The polar bear is no longer more vulnerable to fire.
The hornet stings you.
You are poisoned.
You feel yourself slow down.
The polar bear is engulfed in a cloud of scalding steam.
A wave of flame ripples out!
The flame wave engulfs the hornet!
The hornet is almost dead.
The flame wave engulfs the polar bear!
The polar bear is moderately wounded.
The flame wave engulfs the polar bear but does no damage.
The polar bear is severely wounded.
The flame wave engulfs the yaktaur.
The yaktaur is lightly wounded.
The flame wave engulfs the polar bear!
The polar bear is moderately wounded.
You finish channelling waves of flame.
You feel very sick. The hornet misses you.
The polar bear is engulfed in a cloud of scalding steam. x2
The polar bear goes berserk!
The yaktaur is engulfed in a cloud of scalding steam.
You block the hornet's attack.
Okay, then.
Unknown command.
Casting: Flame Wave (dangerous; 2% risk of failure)
Confirm with . or Enter, or press ? or * to list all spells.
Aiming: Inner Flame (dangerous; 2% risk of failure)
Press: ? - help, Dir - move target, f - polar bear
Aim: a polar bear (steam, almost dead, berserk, chance to affect: 83%)
The polar bear barely resists.
You feel very sick. The hornet stings you!
* * * LOW HITPOINT WARNING * * *
You feel as though you will be slow longer.
The polar bear is engulfed in a cloud of scalding steam.
The yaktaur is engulfed in a cloud of scalding steam.
The polar bear is engulfed in a cloud of scalding steam.
The hornet stings you!
You die...

#3#....# .^.# #. ###..## #..#
.# (![ +###.##..# +^.#
.#▓()?[( .##.#.#..# #..#
.#▓?$(!?(?! <.'###+..###
..##.#▓$)$$![)
.##.#.#....###..h##▓▓▓▓▓▓▓+
†###.##.....§§hhc§~~~~~~~~
..####~~....§~#y########+###
#..#~~~~~~~.§~#.@..._..#~~~##
#.##~§~~§~~§.§#...._._.#S~≈≈##
'##~~~§≈≈~~~§~#..._._._#S~~§§#
~~~~~~~≈≈≈§~~~#.._._._.#S§~§§§
#+++#~≈§≈≈≈§≈~#._._._._#~~~~~§
§§~§##≈≈≈###§≈#_._._._.#~~~§≈~
.§§..##≈§# #≈§#._._._._#~~≈≈§≈
8~.~..+≈≈# #§≈#_._._...#~≈≈§▓▓
~§.~.##≈≈≈§≈≈≈##########§≈≈≈▓z


You could see 3 polar bears, a yaktaur and a hornet.

Vanquished Creatures
  2 wyverns (D)
  2 water moccasins (D)
  4 necrophages (D)
  A scorpion (D)
9 creatures vanquished.

Vanquished Creatures (others)
  Menkaure (D)
  16 foxfires (D)
17 creatures vanquished.

Grand Total: 26 creatures vanquished

Notes
Turn   | Place    | Note
-------+----------+-------------------------------------------
     0 | D        | Conn the Octopode Fire Elementalist began the quest for the
                  | Orb.
     0 | D        | Reached XP level 1. HP: 11/11 MP: 3/3
     1 | D        | Noticed a boulder beetle
     1 | D        | Noticed a boulder beetle
     4 | D        | Noticed a neqoxec
     8 | D        | Noticed a necrophage
     8 | D        | Noticed a necrophage
     8 | D        | Noticed a necrophage
     8 | D        | Noticed a necrophage
    13 | D        | Killed a necrophage
    14 | D        | Reached skill level 6 in Fire Magic
    14 | D        | Reached XP level 2. HP: 17/17 MP: 3/6
    14 | D        | Reached XP level 3. HP: 21/21 MP: 4/8
    14 | D        | Reached XP level 4. HP: 27/27 MP: 4/9
    24 | D        | Killed a necrophage
    25 | D        | Reached skill level 7 in Fire Magic
    25 | D        | Reached XP level 5. HP: 32/32 MP: 4/11
    29 | D        | Reached skill level 5 in Spellcasting
    29 | D        | Reached skill level 8 in Fire Magic
    38 | D        | Reached skill level 5 in Stealth
    38 | D        | Reached XP level 6. HP: 34/37 MP: 5/14
    51 | D        | Learned a level 2 spell: Scorch
    55 | D        | Learned a level 3 spell: Inner Flame
    60 | D        | Learned a level 4 spell: Flame Wave
    97 | D        | Noticed a wyvern
    97 | D        | Noticed a wyvern
   100 | D        | Killed a wyvern
   101 | D        | Reached skill level 1 in Fighting
   101 | D        | Reached skill level 9 in Fire Magic
   104 | D        | Killed a wyvern
   105 | D        | Reached skill level 5 in Dodging
   105 | D        | Reached skill level 5 in Conjurations
   105 | D        | Reached skill level 10 in Fire Magic
   105 | D        | Reached XP level 7. HP: 5/43 MP: 4/17
   161 | D        | Noticed Menkaure
   162 | D        | Killed Menkaure
   164 | D        | Found a blossoming altar of Fedhas.
   173 | D        | Noticed a flying skull
   176 | D        | Noticed a flying skull
   265 | D        | Identified Roxanne's Excursus on Quicksand
   265 | D        | Noticed Roxanne
   270 | D        | Found Ucun's Antique Armour Shop.
   271 | D        | Found Teir's General Store.
   272 | D        | Found Haupig's Antique Weapon Boutique.
   272 | D        | Found Pileatwahau's Magic Scroll Shop.
   273 | D        | Found Sovel's Jewellery Shop.
   273 | D        | Found Veobaz's Distillery.
   274 | D        | Found Wofempiu's Assorted Antiques.
   274 | D        | Found Furaisew's Weapon Shop.
   274 | D        | Found Kumapot's Book Shop.
   275 | D        | Found Acroupych's Antique Armour Shop.
   275 | D        | Found Apab's Distillery.
   275 | D        | Found Faosudin's Assorted Antiques.
   275 | D        | Noticed a fire dragon
   276 | D        | Found Toghipah's Armour Shop.
   276 | D        | Found Teweul's Jewellery Boutique.
   289 | D        | Noticed an oklob plant
   303 | D        | Reached skill level 11 in Fire Magic
   306 | D        | Found Anupn's Book Shoppe.
   307 | D        | Noticed a cane toad
   309 | D        | Noticed a cane toad
   310 | D        | Bought an amulet of reflection for 300 gold pieces
   335 | D        | Found an opulent altar of Gozag.
   336 | D        | Found a sparkling altar of Nemelex Xobeh.
   337 | D        | Found a white marble altar of Elyvilon.
   337 | D        | Found a burning altar of Makhleb.
   338 | D        | Found a shadowy altar of Dithmenos.
   338 | D        | Found a corrupted altar of Lugonu.
   339 | D        | Found a snail-covered altar of Cheibriados.
   339 | D        | Found an ancient bone altar of Kikubaaqudgha.
   339 | D        | Found a bloodstained altar of Trog.
   340 | D        | Found a viscous altar of Jiyva.
   340 | D        | Found a shimmering blue altar of Sif Muna.
   341 | D        | Found a hazy altar of Hepliaklqana.
   341 | D        | Found a sacrificial altar of Ru.
   342 | D        | Found a shimmering altar of Xom.
   343 | D        | Found a stormy altar of Qazlal.
   343 | D        | Found an ornate altar of the Wu Jian Council.
   343 | D        | Found a hide-covered altar of Uskayaw.
   343 | D        | Found a basalt altar of Yredelemnul.
   343 | D        | Found a glowing golden altar of the Shining One.
   343 | D        | Noticed a hornet
   343 | D        | Noticed a polar bear
   343 | D        | Noticed a polar bear
   344 | D        | Found an iron altar of Okawaru.
   344 | D        | Found a radiant altar of Vehumet.
   344 | D        | Found a glowing silver altar of Zin.
   344 | D        | Noticed a yaktaur
   346 | D        | Noticed a polar bear
   351 | D        | Became a worshipper of Sif Muna the Loreminder
   354 | D        | Noticed a flying skull
   354 | D        | Noticed a flying skull
   432 | D        | Paralysed by a hornet for 1 turns
   439 | D        | HP: 2/45 [hornet (9)]
   439 | D        | Mangled by a hornet

Illustrated notes

Levels and vault maps discovered:
D:        the_violet_keep_of_menkaure [sprint2_stairs_cluster_1,
          sprint2_shoproom, sprint2_temple, sprint2_basic_supplies,
          sprint2_obstacle_6, sprint2_obstacle_4, sprint2_obstacle_1,
          sprint2_obstacle_5, sprint2_obstacle_3, sprint2_timed_cluster_1,
          sprint2_smallroom_cluster_1, sprint2_smallroom_final_cluster_1,
          sprint2_transparent_cluster_1, sprint2_second_timed_cluster_1,
          sprint2_sniper_area_1, sprint2_heavy_combat_area_1,
          sprint2_mutation_trap_area_1, sprint2_forest_area_1,
          sprint2_light_combat_area_1, sprint2_behind_water_1,
          sprint2_near_end_vault_1]

Skill      XL: |  1  2  3  4  5  6  7 |
---------------+----------------------+-----
Dodging        | 3 4 5 |  5.6
Stealth        | 4 5 6 |  6.3
Spellcasting   | 3 4 5 7 8 |  8.6
Fire Magic     | 6 7 8 10 11 | 11.1
Conjurations   | 2 4 5 6 |  6.1
Fighting       | 1 2 |  2.0
Unarmed Combat | |  0.5

Action                     |  1- 3 |  4- 6 |  7- 9 || total
---------------------------+-------+-------+-------++-------
  Melee: Unarmed           |     3 |    20 |     3 ||    26
         Tentacles         |     1 |     6 |     1 ||     8
         Constrict         |     1 |     3 |     1 ||     5
   Cast: Foxfire           |       |     2 |     8 ||    10
         Scorch            |       |     2 |     5 ||     7
         Flame Wave        |       |     1 |     2 ||     3
         Inner Flame       |       |       |     1 ||     1
    Use: Potion            |     2 |     1 |     1 ||     4
         Scroll            |       |     1 |       ||     1
 Armour: Skin              |     1 |       |       ||     1
  Dodge: Dodged            |     1 |     6 |     7 ||    14
  Block: Other             |       |       |     2 ||     2

Table legend: (Time is in decaauts)
 A = Elapsed time spent in this place.
 B = Non-inter-level travel time spent in this place.
 C = Inter-level travel time spent in this place.
 D = Time resting spent in this place.
 E = Time spent auto-exploring this place.
 F = Levels seen in this place.
 G = Mean time per level.
                   A        B        C        D        E       F      G
               +--------+--------+--------+--------+--------+-----+--------+
         Total |    438 |    438 |      0 |     99 |      0 |   1 |  438.0 |
       Dungeon |    438 |    438 |      0 |     99 |      0 |   1 |  438.0 |
               +--------+--------+--------+--------+--------+-----+--------+

Top non-repeatable levels by time:
       D: 438 daAuts
